 Dungeon Crawl Stone Soup version 0.28-a0-1524-ge72afd5fc6 (webtiles) character file.

Game seed: 9975609037958083137

18 fragbeetle the Ruffian (level 2, -3/23 HPs)
             Began as a Draconian Transmuter on Jan 17, 2022.
             Slain by Terence (6 damage)
             ... on level 2 of the Dungeon.
             The game lasted 00:01:12 (848 turns).

fragbeetle the Ruffian (Draconian Transmuter)        Turns: 848, Time: 00:01:12

Health: -3/23      AC:  4    Str: 12    XL:     2   Next: 48%
Magic:  5/5        EV: 12    Int: 13    God:
Gold:   50         SH:  0    Dex: 11    Spells: 4/5 levels left

rFire   . . .      SeeInvis .     - Unarmed
rCold   . . .      Faith    .   (no shield)
rNeg    . . .      Spirit   .   (armour unavailable)
rPois   .          Reflect  .   (helmet currently unavailable)
rElec   .          Harm     .   (no cloak)
rCorr   .          Rampage  .   (no gloves)
Will    .....                   (boots currently unavailable)
Stlth   +.........              (no amulet)
HPRegen 0.07/turn               (no ring)
MPRegen 0.09/turn               (no ring)

@: appendages
A: horns 2, talons 2, AC +4, unfitting armour, cold-blooded
a: End Transformation


You were on level 2 of the Dungeon.
You had temporarily grown beastly horns and talons.
You visited 1 branch of the dungeon, and saw 2 of its levels.

You collected 50 gold pieces.

Inventory:

Missiles
 c - 85 stones
 e - 6 poisoned darts
Wands
 h - a wand of flame (20)
Scrolls
 a - 2 scrolls of enchant armour {unknown}
 b - a scroll of magic mapping {unknown}
 d - a scroll of teleportation {unknown}
 f - a scroll of silence {unknown}
Potions
 g - a potion of invisibility {unknown}


   Skills:
 + Level 1.6 Fighting
 + Level 2.0 Dodging
 * Level 3.3 Unarmed Combat
 - Level 2.0 Spellcasting
 * Level 2.3 Transmutations


You had 4 spell levels left.
You knew the following spells:

 Your Spells              Type           Power      Damage    Failure   Level
a - Beastly Appendage     Tmut           14%        N/A       10%         1

Your spell library contained the following spells:

 Spells                   Type           Power      Damage    Failure   Level
 Wereblood                Tmut           7%         N/A       14%         2
 Spider Form              Tmut/Pois      4%         N/A       43%         3
 Ice Form                 Ice/Tmut       4%         N/A       83%         4


Dungeon Overview and Level Annotations

Branches:
Dungeon (2/15)

Altars:

Shops:
D:1 [

Annotations:
D:2 Terence


Innate Abilities, Weirdness & Mutations

You have temporarily grown beastly horns and talons.
Your plain brown scales are hard. (AC +4)
You cannot fit into any form of body armour.
You are cold-blooded and may be slowed by cold attacks.


Message History

Found 18 stones.
Found a stone staircase leading up.
You see here a rat corpse.
Your transformation is almost over.
The endoplasm jiggles.
You hit the endoplasm.
You kill the endoplasm!
c - 85 stones (gained 18)
Your horns disappear.
Your talons disappear.
Terence the Incautious comes into view.
He is wielding a +0 hand axe and wearing a +2 chain mail of fire resistance.
You grow a pair of large bovine horns.
Your feet morph into talons.
Terence shouts!
Your horns disappear.
Your talons disappear.
Casting: Beastly Appendage (safe; 10% risk of failure)
Confirm with . or Enter, or press ? or * to list all spells.
You grow a pair of large bovine horns.
Your feet morph into talons.
Terence shouts, "Get ready for death!"
You barely miss Terence. Terence hits you with a +0 hand axe.
You barely miss Terence.
Terence says, "Don't bother to defend, it's senseless."
Terence hits you with a +0 hand axe!
You hit Terence but do no damage. Terence hits you with a +0 hand axe.
* * * LOW HITPOINT WARNING * * *
You barely miss Terence. Your kick misses Terence.
You headbutt Terence, but do no damage.
You tail-slap Terence, but do no damage.
Terence barely misses you.
You hit Terence. You claw Terence, but do no damage.
Terence is lightly wounded.
Terence hits you with a +0 hand axe.
* * * LOW HITPOINT WARNING * * *
You hit Terence but do no damage. Your kick misses Terence.
Terence is lightly wounded.
Terence barely misses you.
You hit Terence but do no damage. Your headbutt misses Terence.
Terence is lightly wounded.
Terence barely misses you.
You hit Terence. You claw Terence, but do no damage.
Terence is moderately wounded.
Terence hits you with a +0 hand axe.
You die...

##......# #.# ## .# #.......#
#.# #.#.. .# #.......#
#####.###.#.# .# ####.......#
#...........#####.# #..........#
#..###.###......... #........###
#..##...##......... #........#
#..#.....#......... #........#
##.#............... #........#
#@#..^..#.........
##.....########@##...##...<...#.
#.....†....@...#######.....###
#.#.........##.........#.#.#
#>.........................#
###..#.##.#.############.#.#
#....<#.#.# #.#.# #..@..#.#.#
#.#.# #....##.#.# #. ..


You could see Terence.

Vanquished Creatures
  A ball python (D:1)
  2 endoplasms
  3 goblins (D:1)
  2 hobgoblins (D:1)
  4 jackals (D:1)
  A frilled lizard (D:1)
  2 rats
15 creatures vanquished.

Notes
Turn   | Place    | Note
-------+----------+-------------------------------------------
     0 | D:1      | fragbeetle the Draconian Transmuter began the quest for the
                  | Orb.
     0 | D:1      | Reached XP level 1. HP: 16/16 MP: 3/3
   180 | D:1      | Reached XP level 2. HP: 21/23 MP: 3/5
   480 | D:1      | Found Lolur's Antique Armour Shoppe.
   824 | D:2      | Noticed Terence
   848 | D:2      | Slain by Terence

Illustrated notes

Levels and vault maps discovered:
D:1:      eino_arrival_water_star, layout_loops_ring, serial_shops, shop
D:2:      layout_basic, shapermc_ecumenical_altar_mp_highgroup,
          minmay_misc_feat_enclosed, uniq_crazy_yiuf_cottage, uniq_terence

Skill      XL: |  1  2 |
---------------+-------+-----
Dodging        | 2 |  2.0
Fighting       | |  1.6
Unarmed Combat | |  3.3
Spellcasting   | |  2.0
Transmutations | |  2.3

Action                   || total
-------------------------++-------
Melee: Unarmed           ||    50
       Kick              ||     9
       Tailslap          ||     3
       Headbutt          ||     3
       Punch             ||     1
 Cast: Beastly Appendage ||    16
 Stab: Sleeping          ||     1
Armor: Skin              ||    14
Dodge: Dodged            ||    32

Table legend: (Time is in decaauts)
 A = Elapsed time spent in this place.
 B = Non-inter-level travel time spent in this place.
 C = Inter-level travel time spent in this place.
 D = Time resting spent in this place.
 E = Time spent auto-exploring this place.
 F = Levels seen in this place.
 G = Mean time per level.
                   A        B        C        D        E       F      G
               +--------+--------+--------+--------+--------+-----+--------+
         Total |    846 |    815 |     31 |      0 |    651 |   2 |  423.0 |
       Dungeon |    846 |    815 |     31 |      0 |    651 |   2 |  423.0 |
               +--------+--------+--------+--------+--------+-----+--------+

Top non-repeatable levels by time:
     D:1: 769 daAuts
     D:2: 77 daAuts
